 Dungeon Crawl Stone Soup version 0.28.0-43-g3370ac3207 (webtiles) character file.

Game seed: 7045054865448791919

14085 boopmooplesden the Severer (level 11, -7/101 HPs)
             Began as a Minotaur Berserker on Mar 27, 2022.
             Was a High Priest of Trog.
             Mangled by a fire elemental (12 damage)
             ... summoned by a deep elf pyromancer
             ... on level 11 of the Dungeon.
             The game lasted 00:15:59 (13004 turns).

boopmooplesden the Severer (Minotaur Berserker)    Turns: 13004, Time: 00:15:59

Health: -7/101     AC: 15    Str: 23    XL:     11   Next: 84%
Magic:  10/10      EV: 13    Int:  7    God:    Trog [*****.]
Gold:   641        SH:  0    Dex: 13    Spells: 10/10 levels left

rFire   . . .      SeeInvis +   g - +1 executioner's axe (elec)
rCold   + . .      Faith    .   (shield currently unavailable)
rNeg    . . .      Spirit   .   q - +1 scale mail {rC+}
rPois   .          Reflect  .   E - +2 hat {Int+3}
rElec   .          Harm     .   u - +0 cloak
rCorr   .          Rampage  .   f - +0 pair of gloves
Will    .....                   m - +0 pair of boots
Stlth   ..........              c - amulet of magic regeneration
HPRegen 0.26/turn               s - ring of see invisible
MPRegen 0.52/turn               (no ring)

@: no status effects
A: horns 2, retaliatory headbutt
a: Renounce Religion, Berserk, Trog's Hand, Brothers in Arms


You were on level 11 of the Dungeon.
You worshipped Trog.
Trog was extremely pleased with you.
You visited 1 branch of the dungeon, and saw 11 of its levels.
You also visited: Ossuary.

You collected 641 gold pieces.

Inventory:

Hand Weapons
 a - a +0 hand axe
 g - a +1 executioner's axe of electrocution (weapon)
 n - a +0 war axe
Missiles
 y - 14 boomerangs of dispersal (quivered)
Armour
 f - a +0 pair of gloves (worn)
 i - a +0 chain mail
 m - a +0 pair of boots (worn)
 p - a +1 kite shield
 q - a +1 scale mail of cold resistance (worn)
 u - a +0 cloak (worn)
 B - +0 acid dragon scales
 C - the +0 scale mail of the Game of Life {+Blink}
   (You found it on level 9 of the Dungeon)

   +Blink:    It lets you blink.
 E - a +2 hat of intelligence (worn)
 G - a +3 ring mail of positive energy
Jewellery
 c - an amulet of magic regeneration (around neck)
 s - a ring of see invisible (left hand)
 t - a ring of magical power
 D - an amulet of guardian spirit
Wands
 e - a wand of paralysis (3)
 j - a wand of iceblast (7)
 H - a wand of flame (4)
Scrolls
 d - a scroll of enchant armour
 r - a scroll of blinking
 w - a scroll of teleportation
 A - 2 scrolls of fear
 F - a scroll of magic mapping
Potions
 b - 3 potions of degeneration
 h - a potion of haste {unknown}
 k - a potion of invisibility {unknown}
 l - 2 potions of attraction {unknown}
 o - 6 potions of heal wounds
 v - a potion of might {unknown}
 x - a potion of ambrosia
 z - 5 potions of curing
Miscellaneous
 I - a lightning rod (4/4)


   Skills:
 + Level 10.6 Fighting
 + Level 16.8 Axes
 + Level 9.6 Armour
 + Level 7.0 Dodging
 + Level 1.8 Stealth
 + Level 1.9 Shields


You had 10 spell levels left.
You didn't know any spells.
Your spell library was empty.

Dungeon Overview and Level Annotations

Branches:
Dungeon (11/15)            Temple (0/1) D:5            Lair (0/6) D:11
Ossuary (visited)
    Orc: D:9-12

Altars:
Cheibriados
Elyvilon
Fedhas
Gozag
Kikubaaqudgha
Okawaru
Qazlal
Sif Muna
Uskayaw
Xom
The Shining One
Jiyva

Shops:
D:4 :   D:10 (

Portals:
Trove: D:11 (give 17 potions of curing)

Annotations:
D:11 exclusion: orange crystal statue


Innate Abilities, Weirdness & Mutations

You have a pair of horns on your head.
You reflexively headbutt those who attack you in melee.


Message History

The boulder beetle is engulfed in blazing flames.
The boulder beetle is engulfed in blazing flames. x2
The boulder beetle stops rolling and uncurls.
You closely miss the fire elemental.
Your headbutt misses the fire elemental.
The fire elemental is lightly damaged.
The fire elemental misses you.
You hit the boulder beetle.
Lightning courses through the boulder beetle!!
The boulder beetle is heavily wounded.
You hit the boulder beetle.
You headbutt the boulder beetle, but do no damage.
The boulder beetle is heavily wounded.
The boulder beetle bites you.
You hit the boulder beetle.
The boulder beetle is severely wounded.
The boulder beetle bites you!
You hit the boulder beetle.
The boulder beetle is severely wounded.
The boulder beetle bites you!!
* * * LOW HITPOINT WARNING * * *
You slice the boulder beetle!! You headbutt the boulder beetle.
The boulder beetle is almost dead.
The boulder beetle bites you!!
* * * LOW HITPOINT WARNING * * *
You slash the boulder beetle!
Lightning courses through the boulder beetle!
You kill the boulder beetle!
The boulder beetle's corpse dissolves into shadows!
You barely miss the fire elemental.
The fire elemental is lightly damaged.
The fire elemental barely misses you.
The deep elf pyromancer gestures wildly while chanting.
The deep elf pyromancer blinks!
You feel much better. The fire elemental hits you.
The fire elemental burns you!
* * * LOW HITPOINT WARNING * * *
The two-headed ogre is engulfed in blazing flames.
The fire elemental hits you. The fire elemental burns you!
You die...

#......# ###..
#......# ###
#......# #......#
######### #......#
##.e.....#
#......###.O#8.8#..#
###'#####°.#8...8#
#.#####..8..[..8e#
#@EOY§...#..8..#..
#####.##.8.....8..
#.....○....#8...8#..
#...........#8#8#...
#.........#.........
#..B......#.'.....
#.°.......#.#....
#........>#.#...
#..........


You could see a two-headed ogre (summoned), a yak (summoned) and a fire
elemental (summoned).

Vanquished Creatures
  Snorg (D:10)
  A great orb of eyes (D:10)
  The ghost of Ekaitz the Frost Mage, a journeyman DsIE of Yredelemnul (D:10)
  A two-headed ogre (D:10)
  Nergalle (D:10)
  Maggie (D:9)
  Psyche (D:10)
  A kobold demonologist (D:9)
  The ghost of crimpus the Skirmisher, an amateur MiAK of Lugonu (D:6)
  3 trolls
  A hornet (D:10)
  A meliai zombie (D:10)
  Prince Ribbit (D:7)
  5 slime creatures
  A shadow (D:8)
  A wyvern (D:8)
  11 yaks
  4 vampire mosquitoes (D:11)
  Duvessa (D:7)
  2 acid dragons
  A water moccasin (D:5)
  2 ice beasts
  A sky beast (D:5)
  4 orc warriors
  3 necrophages
  An ogre (D:5)
  5 wolves (D:11)
  4 centaurs
  A phantom (D:5)
  2 elf zombies (Ossuary)
  3 kobold brigands
  2 bullfrogs
  2 gnoll sergeants
  A water moccasin zombie (D:5)
  3 scorpions
  A wyvern skeleton (D:7)
  Dowan (D:7)
  9 killer bees
  A water moccasin skeleton (D:5)
  4 wights (D:8)
  2 electric eels (D:11)
  A bullfrog zombie (D:5)
  3 centaur zombies
  2 human zombies (Ossuary)
  5 hounds
  3 orc priests
  2 jellies (D:10)
  2 bullfrog skeletons
  2 centaur skeletons
  2 iguanas (D:6)
  Ijyb (D:3)
  9 orc wizards
  A hound zombie (Ossuary)
  3 mummies (Ossuary)
  10 gnolls
  8 adders
  A shadow imp (D:5)
  3 white imps
  An ufetubus (D:6)
  4 adder zombies
  3 worms
  A dart slug (D:2)
  21 orcs
  3 ball pythons
  2 bats
  6 endoplasms
  2 giant cockroaches
  5 hobgoblins
  4 jackals (D:2)
  2 quokkas
  4 frilled lizards
  2 gnoll zombies (Ossuary)
  16 goblins
  4 goblin zombies (Ossuary)
  5 hobgoblin zombies (Ossuary)
  2 jackal zombies (Ossuary)
  23 kobolds
  4 kobold zombies (Ossuary)
  An orc zombie (Ossuary)
  4 quokka zombies (Ossuary)
  3 rats
  A rat zombie (Ossuary)
274 creatures vanquished.

Vanquished Creatures (others)
  44 plants (D:5)
44 creatures vanquished.

Grand Total: 318 creatures vanquished

Notes
Turn   | Place    | Note
-------+----------+-------------------------------------------
     0 | D:1      | boopmooplesden the Minotaur Berserker began the quest for
                  | the Orb.
     0 | D:1      | Reached XP level 1. HP: 19/19 MP: 0/0
   213 | D:1      | HP: 1/20 [kobold/+0 short sword (1)]
   689 | D:1      | Reached skill level 4 in Axes
   689 | D:1      | Reached XP level 2. HP: 27/27 MP: 1/1
  1027 | D:2      | Found a faded altar of an unknown god.
  1420 | D:2      | Reached XP level 3. HP: 27/34 MP: 2/2
  1641 | D:2      | Reached ** piety under Trog
  1793 | D:2      | Reached XP level 4. HP: 37/41 MP: 3/3
  2091 | D:3      | Noticed a necrophage
  2100 | D:3      | Killed a necrophage
  2101 | D:3      | Reached skill level 5 in Fighting
  2101 | D:3      | Reached skill level 5 in Axes
  2101 | D:3      | Reached XP level 5. HP: 37/48 MP: 4/4
  2301 | D:3      | Noticed Ijyb
  2313 | D:3      | Killed Ijyb
  2595 | D:3      | Found a white marble altar of Elyvilon.
  2931 | D:4      | Reached skill level 6 in Axes
  2931 | D:4      | Reached XP level 6. HP: 56/56 MP: 5/5
  3117 | D:4      | Found a glowing golden altar of the Shining One.
  3224 | D:4      | Found Bocwec's Book Boutique.
  3288 | D:5      | Entered Level 5 of the Dungeon
  3316 | D:5      | Noticed a sky beast
  3325 | D:5      | Killed a sky beast
  3354 | D:5      | Reached skill level 7 in Axes
  3641 | D:5      | Reached XP level 7. HP: 48/61 MP: 6/6
  3654 | D:5      | Found a staircase to the Ecumenical Temple.
  3779 | D:5      | Reached *** piety under Trog
  3997 | D:5      | Reached skill level 8 in Axes
  4034 | D:5      | Reached skill level 5 in Armour
  4225 | D:5      | Found a blossoming altar of Fedhas.
  4225 | D:5      | Found an ancient bone altar of Kikubaaqudgha.
  4278 | D:5      | Reached XP level 8. HP: 70/70 MP: 7/7
  4390 | D:5      | Reached skill level 9 in Axes
  4872 | D:5      | Found a shimmering blue altar of Sif Muna.
  5105 | D:6      | Reached skill level 1 in Shields
  5125 | D:6      | Found a sand-covered staircase.
  5130 | Ossuary  | Entered an ossuary
  5482 | D:6      | Reached skill level 10 in Axes
  5487 | D:6      | Reached **** piety under Trog
  5759 | D:6      | Identified a scroll of acquirement
  5759 | D:6      | Acquired a +0 executioner's axe of electrocution
  5981 | D:6      | Found a runed translucent door.
  5983 | D:6      | Noticed crimpus's ghost (amateur MiAK)
  6021 | D:6      | Noticed a troll
  6028 | D:6      | Killed a troll
  6029 | D:6      | Reached XP level 9. HP: 17/78 MP: 8/8
  7067 | D:6      | Found a shimmering altar of Xom.
  7164 | D:6      | Killed crimpus's ghost
  7165 | D:6      | Reached skill level 11 in Axes
  7208 | D:7      | Noticed Prince Ribbit
  7219 | D:7      | Killed Prince Ribbit
  7220 | D:7      | Reached skill level 1 in Stealth
  7935 | D:7      | Noticed Dowan
  7936 | D:7      | Noticed Duvessa
  7941 | D:7      | Killed Dowan
  7943 | D:7      | Reached skill level 12 in Axes
  7943 | D:7      | Reached skill level 5 in Dodging
  7946 | D:7      | Killed Duvessa
  8489 | D:8      | Found an iron altar of Okawaru.
  9216 | D:9      | Found a stormy altar of Qazlal.
  9256 | D:9      | Reached XP level 10. HP: 53/88 MP: 9/9
  9480 | D:9      | Noticed Maggie
  9495 | D:9      | Killed Maggie
  9614 | D:9      | Found a hide-covered altar of Uskayaw.
  9621 | D:9      | Identified the +0 scale mail of the Game of Life {+Blink}
  9630 | D:9      | Reached skill level 13 in Axes
 10055 | D:9      | Found a large runed translucent door.
 10101 | D:9      | Found a large runed translucent door.
 10162 | D:9      | Reached ***** piety under Trog
 10692 | D:9      | Found a snail-covered altar of Cheibriados.
 10699 | D:9      | Found an opulent altar of Gozag.
 10730 | D:10     | Entered Level 10 of the Dungeon
 10734 | D:10     | Noticed Nergalle
 10747 | D:10     | Reached skill level 14 in Axes
 10750 | D:10     | Killed Nergalle
 10755 | D:10     | Noticed Snorg
 10939 | D:10     | Noticed Psyche
 10948 | D:11     | Found a portal to a secret trove of treasure.
 11063 | D:11     | Found a staircase to the Lair.
 11467 | D:10     | Noticed a two-headed ogre
 11489 | D:10     | Killed Snorg
 11490 | D:10     | Reached skill level 15 in Axes
 11490 | D:10     | Reached XP level 11. HP: 87/97 MP: 10/10
 11736 | D:10     | Found Neguny's Weapon Shoppe.
 11751 | D:10     | Killed a two-headed ogre
 11773 | D:10     | Killed Psyche
 12191 | D:10     | Found a runed translucent gate.
 12192 | D:10     | Found a runed translucent gate.
 12193 | D:10     | Found a runed translucent gate.
 12194 | D:10     | Noticed Ekaitz's ghost (journeyman DsIE)
 12211 | D:10     | Noticed a great orb of eyes
 12217 | D:10     | Found a viscous altar of Jiyva.
 12224 | D:10     | Reached skill level 10 in Fighting
 12227 | D:10     | Killed Ekaitz's ghost
 12227 | D:10     | Paralysed by a great orb of eyes for 7 turns
 12228 | D:10     | Reached skill level 16 in Axes
 12236 | D:10     | Killed a great orb of eyes
 12952 | D:11     | Noticed an orange crystal statue
 12954 | D:11     | Noticed a deep elf pyromancer
 12971 | D:11     | Noticed a boulder beetle
 12976 | D:11     | Noticed a two-headed ogre
 13001 | D:11     | HP: 3/101 [boulder beetle[an orange crystal statue] (19)]
 13004 | D:11     | Mangled by a fire elemental

Illustrated notes

Levels and vault maps discovered:
D:1:      minmay_arrival_doors, layout_rooms
D:2:      layout_loops_cross, chequers_ecumenical_altar_simple,
          grunt_decor_one_mirror, minmay_misc_feat_ornament, minmay_domino_4
D:3:      kennysheep_the_goblin_king, layout_rooms, mainiacjoe_overflow_alcove_2
D:4:      layout_cave_pools, tso_oasis_becter, serial_park,
          serial_park_tiny_pond, serial_park_tiny_2, serial_park_avenue1,
          serial_park_square3 [serial_park_minivault_5x5_6], serial_park_tiny_1,
          serial_shops, nicolae_shop_window_shopping
D:5:      minmay_spotlight, layout_layer_cave, marbit_many_paths,
          grunt_temple_overflow_growth_and_decay,
          minmay_temple_entry_statues_pillars, serial_bayou,
          serial_bayou_lagoon_a, serial_bayou_pond_b, serial_bayou_shore_b,
          serial_bayou_lake_a, serial_bayou_ford_a
D:6:      layout_basic, lemuel_doored_altar, nicolae_ossuary_entry_plus,
          gammafunk_ghost_grave, wad_floor_pattern_2
D:7:      layout_basic, uniq_prince_ribbit1, uniq_duvessa
D:8:      layout_cave_pods, lemuel_crystal_altar, minmay_unpleasant_kobolds
D:9:      layout_roguey, nicolae_qazlal_style_of_elements,
          nicolae_overflow_crystal_walls, jmf_multi_god_temple2, uniq_maggie
D:10:     layout_rooms, gammafunk_ghost_ooze, serial_corexii_hall,
          chequers_hall_statues_wall_a, corexii_hall_statues_i,
          chequers_hall_statues_y, corexii_hall_statues_u, serial_shops,
          shop_fountains, nrook_loot_triangle, uniq_psyche, uniq_snorg,
          uniq_nergalle
D:11:     layout_roguey, erik_lair_island, enter_trove_1, minmay_statue_bubble

Skill      XL: |  1  2  3  4  5  6  7  8  9 10 11 |
---------------+----------------------------------+-----
Axes           | 4 5 6 7 8 10 12 15 16 | 16.8
Fighting       | 4 5 6 8 9 10 | 10.6
Armour         | 3 4 5 6 8 9 |  9.6
Dodging        | 3 4 5 6 7 |  7.0
Shields        | 1 |  1.9
Stealth        | 1 |  1.8

Action                   |  1- 3 |  4- 6 |  7- 9 | 10-12 || total
-------------------------+-------+-------+-------+-------++-------
Melee: Hand axe          |    95 |    61 |       |       ||   156
       Headbutt          |    11 |    17 |    44 |    35 ||   107
       War axe           |       |    43 |   157 |       ||   200
       Executioner's axe |       |       |   106 |   226 ||   332
Invok: Berserk           |     1 |     1 |     7 |     7 ||    16
  Use: Scroll            |     1 |       |    12 |     5 ||    18
       Potion            |       |       |       |     1 ||     1
Armor: Animal skin       |     1 |       |       |       ||     1
       Leather armour    |    18 |     2 |       |       ||    20
       Chain mail        |       |    52 |     2 |       ||    54
       Scale mail        |       |       |   136 |   131 ||   267
Dodge: Dodged            |    73 |    60 |   155 |   185 ||   473
Block: Kite shield       |       |       |    37 |       ||    37
